| TOP OF THE 1ST |
|
Burlington Bees batting - Pitching for Charleston RiverDogs : RHP Bobby Kosmicki
|
|
Pitching: RHP Bobby Kosmicki
|
|
|
Batting: RHB Ricky Mejicanos
|
0-0: Ball 1-0: Ground out 5-3 (Groundball, 56S, EV 66.2 MPH)
|
|
Batting: RHB Nick Lombardo
|
0-0: Ball 1-0: Fly out, F8 (Line Drive, 78M, EV 101.2 MPH)
|
|
Batting: LHB Dave Hicks
|
0-0: Ball 1-0: Fly out, F8 (Line Drive, 8LD, EV 89.4 MPH)
|
| Top of the 1st over - 0 runs, 0 hits, 0 errors, 0 left on base; Burlington 0 - Charleston 0 |
| BOTTOM OF THE 1ST |
|
Charleston RiverDogs batting - Pitching for Burlington Bees : RHP Jon Trujillo
|
|
Pitching: RHP Jon Trujillo
|
|
|
Batting: LHB Ernesto Abreu
|
0-0: Ball 1-0: Swinging Strike 1-1: SINGLE (Line Drive, 89S, EV 95.6 MPH)
|
|
Batting: SHB Corey Penson
|
0-0: Called Strike Ernesto Abreu steals 2nd, throwing error, E2 Ernesto Abreu to third 0-1: Ball 1-1: Fly out, F4 (Line Drive, 34D, EV 63.8 MPH)
|
|
Batting: RHB Bill Nguyen-Tan
|
0-0: Called Strike 0-1: Fly out, F6 (Line Drive, 56, EV 73.8 MPH)
|
|
Batting: RHB Iften Olujimi
|
0-0: Called Strike 0-1: DOUBLE (Line Drive, 5D, EV 96.2 MPH) Ernesto Abreu scores
|
|
Batting: RHB Mike Zern
|
0-0: Ball 1-0: Ground out 5-3 (Groundball, 56S, EV 65.0 MPH)
|
| Bottom of the 1st over - 1 run, 2 hits, 1 error, 1 left on base; Burlington 0 - Charleston 1 |
| TOP OF THE 2ND |
|
Burlington Bees batting - Pitching for Charleston RiverDogs : RHP Bobby Kosmicki
|
|
Batting: RHB Timoleon Tsikouna
|
0-0: Ball 1-0: Called Strike 1-1: SINGLE (Groundball, 6M, EV 86.2 MPH) (infield hit)
|
|
Batting: RHB Peter Westover
|
0-0: Called Strike 0-1: Foul Ball, location: 2F 0-2: Ball Pickoff Throw to First - Out! 1-3 CS 1-2: Strikes out swinging
|
|
Batting: RHB T.J. Gray
|
0-0: Called Strike 0-1: SINGLE (Groundball, 25, EV 67.5 MPH) (infield hit)
|
|
Batting: LHB Mario Anguiano
|
0-0: SINGLE (Line Drive, 7S, EV 100.0 MPH) T.J. Gray to second Runner from 2nd tries for 3rd, SAFE, throw by LF made to third
|
|
Batting: LHB Edgar van der Meeren
|
0-0: Called Strike 0-1: Swinging Strike 0-2: Ball 1-2: Foul Ball, location: 2F 1-2: Ball 2-2: Strikes out swinging
|
| Top of the 2nd over - 0 runs, 3 hits, 0 errors, 2 left on base; Burlington 0 - Charleston 1 |
| BOTTOM OF THE 2ND |
|
Charleston RiverDogs batting - Pitching for Burlington Bees : RHP Jon Trujillo
|
|
Batting: LHB Marc Durgin
|
0-0: Called Strike 0-1: Called Strike 0-2: Ball 1-2: Foul Ball, location: 2F 1-2: Ball 2-2: Foul Ball, location: 2F 2-2: Strikes out swinging
|
|
Batting: RHB Nate Singleton
|
0-0: Ball 1-0: Swinging Strike 1-1: Called Strike 1-2: Ball 2-2: Ball 3-2: Strikes out swinging
|
|
Batting: RHB Matt Alderson
|
0-0: Ball 1-0: Ground out 5-3 (Groundball, 56, EV 90.0 MPH)
|
| Bottom of the 2nd over - 0 runs, 0 hits, 0 errors, 0 left on base; Burlington 0 - Charleston 1 |
| TOP OF THE 3RD |
|
Burlington Bees batting - Pitching for Charleston RiverDogs : RHP Bobby Kosmicki
|
|
Batting: SHB Tim Connell
|
0-0: Ground out 4-3 (Groundball, 4, EV 108.1 MPH)
|
|
Batting: RHB Ricky Mejicanos
|
0-0: Ball 1-0: Foul Ball, location: 2F 1-1: Ball 2-1: Swinging Strike 2-2: Ball 3-2: Foul Ball, location: 2F 3-2: Base on Balls
|
|
Batting: RHB Nick Lombardo
|
0-0: Called Strike 0-1: Foul Ball, location: 2F 0-2: Grounds into double play, 5-4-3 (Groundball, 56S, EV 87.5 MPH)
|
| Top of the 3rd over - 0 runs, 0 hits, 0 errors, 0 left on base; Burlington 0 - Charleston 1 |
| BOTTOM OF THE 3RD |
|
Charleston RiverDogs batting - Pitching for Burlington Bees : RHP Jon Trujillo
|
|
Batting: RHB Louwe Starmans
|
0-0: Ball 1-0: Ball 2-0: Called Strike 2-1: Foul Ball, location: 2F 2-2: Foul Ball, location: 2F 2-2: Ground out 6-3 (Groundball, 6, EV 104.4 MPH)
|
|
Batting: LHB Ernesto Abreu
|
0-0: Called Strike 0-1: Foul Ball, location: 2F 0-2: Ball 1-2: Strikes out swinging
|
|
Batting: SHB Corey Penson
|
0-0: Ball 1-0: SOLO HOME RUN (Flyball, 9LD, EV 93.8 MPH), Distance : 350 ft
|
|
Batting: RHB Bill Nguyen-Tan
|
0-0: Foul Ball, location: 2F 0-1: Ball 1-1: Ground out 6-3 (Groundball, 6S, EV 71.2 MPH)
|
| Bottom of the 3rd over - 1 run, 1 hit, 0 errors, 0 left on base; Burlington 0 - Charleston 2 |
| TOP OF THE 4TH |
|
Burlington Bees batting - Pitching for Charleston RiverDogs : RHP Bobby Kosmicki
|
|
Batting: LHB Dave Hicks
|
0-0: Ball 1-0: Ground out 6-3 (Groundball, 6, EV 86.9 MPH)
|
|
Batting: RHB Timoleon Tsikouna
|
0-0: Called Strike 0-1: Ball 1-1: SINGLE (Groundball, 4M, EV 94.4 MPH)
|
|
Batting: RHB Peter Westover
|
0-0: Foul Ball, location: 2F 0-1: Ball 1-1: Grounds into double play, 4-6-3 (Groundball, 4MS, EV 85.0 MPH)
|
| Top of the 4th over - 0 runs, 1 hit, 0 errors, 0 left on base; Burlington 0 - Charleston 2 |
| BOTTOM OF THE 4TH |
|
Charleston RiverDogs batting - Pitching for Burlington Bees : RHP Jon Trujillo
|
|
Batting: RHB Iften Olujimi
|
0-0: Called Strike 0-1: Called Strike 0-2: Foul Ball, location: 2F 0-2: TRIPLE (Line Drive, 9LD, EV 107.5 MPH)
|
|
Batting: RHB Mike Zern
|
0-0: Called Strike 0-1: Foul Ball, location: 2F 0-2: Strikes out swinging
|
|
Batting: LHB Marc Durgin
|
0-0: Ball 1-0: Ball 2-0: Ball 3-0: Base on Balls
|
|
Pitching: RHP Humberto Paniagua
|
|
|
Batting: RHB Nate Singleton
|
Pickoff Throw to First - Out! 1-3 0-0: Called Strike 0-1: Swinging Strike 0-2: Strikes out swinging
|
| Bottom of the 4th over - 0 runs, 1 hit, 0 errors, 1 left on base; Burlington 0 - Charleston 2 |
| TOP OF THE 5TH |
|
Burlington Bees batting - Pitching for Charleston RiverDogs : RHP Bobby Kosmicki
|
|
Batting: RHB T.J. Gray
|
0-0: Ball 1-0: Called Strike 1-1: Ball 2-1: Ground out 3-1 (Groundball, 34S, EV 83.8 MPH)
|
|
Batting: LHB Mario Anguiano
|
0-0: Ball 1-0: Called Strike 1-1: Called Strike 1-2: Fly out, F8 (Line Drive, 8RM, EV 91.9 MPH)
|
|
Batting: LHB Edgar van der Meeren
|
0-0: Ball 1-0: SINGLE (Groundball, 6S, EV 73.1 MPH) (infield hit)
|
|
Batting: SHB Tim Connell
|
0-0: Called Strike 0-1: Foul Ball, location: 2F 0-2: Strikes out looking
|
| Top of the 5th over - 0 runs, 1 hit, 0 errors, 1 left on base; Burlington 0 - Charleston 2 |
| BOTTOM OF THE 5TH |
|
Charleston RiverDogs batting - Pitching for Burlington Bees : RHP Humberto Paniagua
|
|
Batting: RHB Matt Alderson
|
0-0: Ball 1-0: Ball 2-0: Called Strike 2-1: Ball 3-1: Base on Balls
|
|
Batting: RHB Louwe Starmans
|
0-0: Foul Ball, location: 2F 0-1: Ball 1-1: Called Strike 1-2: SINGLE (Line Drive, 6M, EV 105.0 MPH) Matt Alderson to second
|
|
Batting: LHB Ernesto Abreu
|
0-0: Ball 1-0: Fly out, F8 (Flyball, 8LM, EV 88.8 MPH)
|
|
Batting: SHB Corey Penson
|
0-0: DOUBLE (Flyball, 8RXD, EV 100.0 MPH) Matt Alderson scores Louwe Starmans to third
|
|
Batting: RHB Bill Nguyen-Tan
|
0-0: Ball 1-0: Ball 2-0: Called Strike 2-1: Called Strike 2-2: DOUBLE (Line Drive, 89XD, EV 107.5 MPH) Louwe Starmans scores Corey Penson scores
|
|
Pitching: RHP Adam Hefner
|
|
|
Batting: RHB Iften Olujimi
|
0-0: Swinging Strike 0-1: Ball 1-1: Ball 2-1: Ground out 6-3 (Groundball, 6, EV 77.5 MPH)
|
|
Batting: RHB Mike Zern
|
0-0: Ball 1-0: Foul Ball, location: 2F 1-1: Foul Ball, location: 2F 1-2: Ball 2-2: Ball 3-2: 2-RUN HOME RUN (Flyball, 89XD, EV 105.0 MPH), Distance : 427 ft
|
|
Batting: LHB Marc Durgin
|
0-0: Ball 1-0: Ground out U3 (Groundball, 13, EV 91.9 MPH)
|
| Bottom of the 5th over - 5 runs, 4 hits, 0 errors, 0 left on base; Burlington 0 - Charleston 7 |
| TOP OF THE 6TH |
|
Burlington Bees batting - Pitching for Charleston RiverDogs : RHP Bobby Kosmicki
|
|
Batting: RHB Ricky Mejicanos
|
0-0: Ball 1-0: SINGLE (Line Drive, 34, EV 100.0 MPH)
|
|
Batting: RHB Nick Lombardo
|
0-0: Foul Ball, location: 2F 0-1: Ball 1-1: Ball 2-1: Fly out, F8 (Flyball, 8RM, EV 76.2 MPH)
|
|
Batting: LHB Dave Hicks
|
0-0: Ball 1-0: Ball 2-0: Called Strike 2-1: Foul Ball, location: 2F 2-2: Ball 3-2: Base on Balls Ricky Mejicanos to second
|
|
Batting: RHB Timoleon Tsikouna
|
0-0: Called Strike 0-1: Ball 1-1: Ball 2-1: Swinging Strike 2-2: Foul Ball, location: 2F 2-2: Foul Ball, location: 2F 2-2: SINGLE (Line Drive, 4D, EV 101.9 MPH) Ricky Mejicanos to third Dave Hicks to second
|
|
Batting: RHB Peter Westover
|
0-0: DOUBLE (Line Drive, 89D, EV 109.4 MPH) Ricky Mejicanos scores Dave Hicks scores Timoleon Tsikouna to third Runner from 3rd tries for Home, SAFE, no throw by CF
|
|
Batting: RHB T.J. Gray
|
0-0: Called Strike 0-1: DOUBLE (Line Drive, 3D, EV 104.4 MPH) Peter Westover scores
|
|
Batting: LHB Mario Anguiano
|
0-0: Called Strike 0-1: Ball 1-1: Ball 2-1: Swinging Strike 2-2: Foul Ball, location: 2F 2-2: Strikes out looking
|
|
Batting: LHB Edgar van der Meeren
|
0-0: Called Strike 0-1: Ball 1-1: Foul Ball, location: 2F 1-2: Ground out U3 (Groundball, 34, EV 83.8 MPH)
|
| Top of the 6th over - 4 runs, 4 hits, 0 errors, 1 left on base; Burlington 4 - Charleston 7 |
| BOTTOM OF THE 6TH |
|
Charleston RiverDogs batting - Pitching for Burlington Bees : RHP Adam Hefner
|
|
Batting: RHB Nate Singleton
|
0-0: Ground out 6-3 (Groundball, P, EV 81.9 MPH)
|
|
Batting: RHB Matt Alderson
|
0-0: Fly out, F4 (Popup, 34, EV 75.0 MPH)
|
|
Batting: RHB Louwe Starmans
|
0-0: Called Strike 0-1: Foul Ball, location: 2F 0-2: Strikes out swinging
|
| Bottom of the 6th over - 0 runs, 0 hits, 0 errors, 0 left on base; Burlington 4 - Charleston 7 |
| TOP OF THE 7TH |
|
Burlington Bees batting - Pitching for Charleston RiverDogs : RHP Bobby Kosmicki
|
|
Pitching: RHP Greg Ritchie
|
|
|
Batting: SHB Tim Connell
|
0-0: Foul Ball, location: 2F 0-1: Called Strike 0-2: Ball 1-2: Ball 2-2: Strikes out looking
|
|
Batting: RHB Ricky Mejicanos
|
0-0: Foul Ball, location: 2F 0-1: Foul Ball, location: 2F 0-2: Ball 1-2: Strikes out looking
|
|
Batting: RHB Nick Lombardo
|
0-0: Fly out, F8 (Flyball, 8RM, EV 80.6 MPH)
|
| Top of the 7th over - 0 runs, 0 hits, 0 errors, 0 left on base; Burlington 4 - Charleston 7 |
| BOTTOM OF THE 7TH |
|
Charleston RiverDogs batting - Pitching for Burlington Bees : RHP Adam Hefner
|
|
Pitching: LHP Tyler MacLean
|
|
|
Batting: LHB Ernesto Abreu
|
0-0: Ground out U3 (Groundball, 13, EV 78.1 MPH)
|
|
Batting: SHB Corey Penson
|
0-0: Called Strike 0-1: Swinging Strike 0-2: Ball 1-2: Foul Ball, location: 2F 1-2: Ball 2-2: Strikes out swinging
|
|
Batting: RHB Bill Nguyen-Tan
|
0-0: Ball 1-0: Called Strike 1-1: Ball 2-1: Foul Ball, location: 2F 2-2: Foul Ball, location: 2F 2-2: Ball 3-2: Base on Balls
|
|
Batting: RHB Iften Olujimi
|
0-0: Ball 1-0: Swinging Strike 1-1: Fly out, F9 (Flyball, 9, EV 89.4 MPH)
|
| Bottom of the 7th over - 0 runs, 0 hits, 0 errors, 1 left on base; Burlington 4 - Charleston 7 |
| TOP OF THE 8TH |
|
Burlington Bees batting - Pitching for Charleston RiverDogs : RHP Greg Ritchie
|
|
Batting: LHB Dave Hicks
|
0-0: Ball 1-0: Called Strike 1-1: Fly out, F4 (Line Drive, 4MD, EV 59.4 MPH)
|
|
Batting: RHB Timoleon Tsikouna
|
0-0: Ball 1-0: Ball 2-0: Ball 3-0: Called Strike 3-1: Base on Balls
|
|
Batting: RHB Peter Westover
|
0-0: SINGLE (Groundball, 5S, EV 65.0 MPH) (infield hit) Timoleon Tsikouna to second
|
|
Batting: RHB T.J. Gray
|
0-0: Ball 1-0: Ball 2-0: Foul Ball, location: 2F 2-1: Ball 3-1: Foul Ball, location: 2F 3-2: Strikes out swinging
|
|
Pitching: LHP Cory Musial
|
|
|
Batting: RHB Edward Hillock
|
0-0: Called Strike 0-1: Ball 1-1: Foul Ball, location: 2F 1-2: Ball 2-2: Ground out 5-3 (Groundball, 56S, EV 74.4 MPH)
|
| Top of the 8th over - 0 runs, 1 hit, 0 errors, 2 left on base; Burlington 4 - Charleston 7 |
| BOTTOM OF THE 8TH |
|
Charleston RiverDogs batting - Pitching for Burlington Bees : LHP Tyler MacLean
|
|
Pitching: RHP Tim Mumpower
|
|
|
Batting: RHB Mike Zern
|
0-0: Called Strike 0-1: Ball 1-1: Ball 2-1: SINGLE (Groundball, 6D, EV 95.0 MPH)
|
|
Batting: LHB Marc Durgin
|
0-0: Ball 1-0: Ball 2-0: Bunted foul 2-1: Bunted foul 2-2: Ball 3-2: SINGLE (Line Drive, 5D, EV 98.1 MPH) Mike Zern to second
|
|
Batting: RHB Nate Singleton
|
0-0: Ball 1-0: Called Strike 1-1: Foul Ball, location: 2F 1-2: Strikes out swinging
|
|
Batting: RHB Matt Alderson
|
0-0: Called Strike 0-1: Ball 1-1: Ball 2-1: Swinging Strike 2-2: Strikes out swinging
|
|
Batting: RHB Louwe Starmans
|
0-0: SINGLE (Groundball, 6MD, EV 94.4 MPH) Mike Zern to third Marc Durgin to second Runner from 3rd tries for Home, SAFE, throw by CF to home
|
|
Batting: LHB Ernesto Abreu
|
0-0: Ball 1-0: Ball 2-0: Ball 3-0: Called Strike 3-1: Swinging Strike 3-2: Base on Balls Marc Durgin to third Louwe Starmans to second
|
|
Pitching: RHP Simon Vogel
|
|
|
Batting: SHB Corey Penson
|
0-0: Ground out 5-3 (Groundball, 56, EV 110.0 MPH)
|
| Bottom of the 8th over - 1 run, 3 hits, 0 errors, 3 left on base; Burlington 4 - Charleston 8 |
| TOP OF THE 9TH |
|
Burlington Bees batting - Pitching for Charleston RiverDogs : LHP Cory Musial
|
|
Batting: LHB Edgar van der Meeren
|
0-0: Called Strike 0-1: Ball 1-1: Ball 2-1: Called Strike 2-2: Strikes out swinging
|
|
Batting: SHB Tim Connell
|
0-0: Called Strike 0-1: Called Strike 0-2: Ball 1-2: Ball 2-2: Foul Ball, location: 2F 2-2: Ball 3-2: Fly out, F4 (Popup, 34, EV 63.8 MPH)
|
|
Batting: RHB Ricky Mejicanos
|
0-0: SINGLE (Groundball, 56D, EV 106.9 MPH)
|
|
Batting: RHB Nick Lombardo
|
0-0: Foul Ball, location: 2F 0-1: Ball 1-1: Ball 2-1: Called Strike 2-2: Ball 3-2: Base on Balls Ricky Mejicanos to second
|
|
Batting: LHB Dave Hicks
|
0-0: Called Strike 0-1: Fly out, F4 (Line Drive, 4, EV 63.1 MPH)
|
| Top of the 9th over - 0 runs, 1 hit, 0 errors, 2 left on base; Burlington 4 - Charleston 8 |
|